cohdb
Replays
Latest Replays
All Replays
Popular Replays
Top Player Replays
Match Explorer
How It Works
Community
CoH3 Stats
Reddit
Sign in to upload your games and track your stats! →
Sign in with Steam
Match 40651436
Unlisted
Match 40651436
Overview
Messages
Build Orders
End
Construct Weapon Support Center
Selects Heavy Weapons
M1919 Machine Gun Team
M1919 Machine Gun Team
Bazooka Squad
Bazooka Squad
Infantry Support Center
M3 Armored Personnel Carrier
Construct Barracks
Selects Assault Carriers
Riflemen Squad
Riflemen Squad
M1918 Browning Automatic Rifles
Selects M2HB .50cal Heavy Machine Gun
Riflemen Squad
Improved M9 Bazooka Rockets
TidaL
MajorMalfunction_
bakemonogatari911
zlxkss
The Kaiser
Saki
★Snowman★
平泽唯
0
0
Comments
sign in to comment!
No comments posted yet!